 Dungeon Crawl Stone Soup version 0.30.1-9-gdf580d7c3d (webtiles) character file.

Game seed: 434030056703193854

762 Ivernyr the Shield-Bearer (level 8, 0/60 (62) HPs)
             Began as a Formicid Fighter on Sept 30, 2023.
             Slain by a killer bee (5 damage)
             ... on level 5 of the Dungeon.
             The game lasted 00:08:31 (4428 turns).

Ivernyr the Shield-Bearer (Formicid Fighter)        Turns: 4428, Time: 00:08:32

HP:   0/60 (62)     AC: 11    Str: 23    XL:     8   Next: 8%
MP:   8/8           EV:  9    Int:  8    God:
Gold: 244           SH:  5    Dex: 13    Spells: 7/7 levels left

rFire   . . .        a - +0 flail
rCold   . . .        c - +0 buckler
rNeg    . . .        b - +0 scale mail
rPois   .            (helmet unavailable)
rElec   .            r - +0 cloak
rCorr   .            s - +0 pair of gloves
SInv    +            f - +0 pair of boots
Will    .....        w - amulet of the acrobat Stlth
                     (no ring)
HPRegen 0.30/turn    (no ring)
MPRegen 0.11/turn

%: acrobat
@: lethally poisoned (0 -> -3), lightly drained
A: permanent stasis, dig shafts and tunnels, antennae 3, four strong arms
a: Dig, Shaft Self


You were on level 5 of the Dungeon.
You visited 1 branch of the dungeon, and saw 8 of its levels.

You collected 244 gold pieces.

Inventory:

Hand Weapons
 a - a +0 flail (weapon)
Armour
 b - a +0 scale mail (worn)
 c - a +0 buckler (worn)
 f - a +0 pair of boots (worn)
 r - a +0 cloak (worn)
 s - a +0 pair of gloves (worn)
Jewellery
 w - an amulet of the acrobat (around neck)
Wands
 n - a wand of polymorph (14)
 u - a wand of mindburst (28)
Scrolls
 g - 2 scrolls of enchant armour {unknown}
 i - 3 scrolls of vulnerability {unknown}
 j - 2 scrolls of noise {unknown}
 l - a scroll of poison {unknown}
 o - a scroll of teleportation {unknown}
 p - 4 scrolls of identify {unknown}
 q - a scroll of torment {unknown}
 t - a scroll of magic mapping {unknown}
 v - a scroll of acquirement {unknown}
Potions
 d - 2 potions of might
 e - a potion of flight {unknown}
 h - a potion of lignification {unknown}
 k - a potion of degeneration {unknown}
 m - 2 potions of invisibility {unknown}
 x - a potion of curing


   Skills:
 + Level 5.2 Fighting
 * Level 5.6 Maces & Flails
 + Level 5.2 Armour
 + Level 6.3 Shields


You had 7 spell levels left.
You didn't know any spells.
Your spell library contained the following spells:

 Spells                   Type           Power      Damage    Failure   Level
 Ensorcelled Hibernation  Hex/Ice        0%         N/A       88%         2
 Spider Form              Tmut/Pois      0%         N/A       98%         3
 Anguish                  Hex/Necr       0%         N/A       100%        4


Dungeon Overview and Level Annotations

Branches:
Dungeon (8/15)
 Temple: D:4-7         Lair: D:8-11

Altars:
Gozag
Uskayaw
Vehumet

Annotations:
D:4 1 runed translucent door, baghtru's ghost, amateur HOFi


Innate Abilities, Weirdness & Mutations

You cannot be hasted, slowed, berserked, paralysed or teleported.
You can dig through walls and to a lower floor.
You have a pair of large antennae on your head. (SInv)
Your four strong arms can wield two-handed weapons with a shield.


Message History

The killer bee closely misses you.
The killer bee stings you but does no damage.
You miss the killer bee.
You feel sick. The killer bee barely misses you.
The killer bee closely misses you. x3
You barely miss the killer bee.
You feel sick. The killer bee misses you. The killer bee barely misses you.
The killer bee misses you.
The killer bee stings you but does no damage. x2
The killer bee barely misses you.
You closely miss the killer bee.
You feel sick.
The killer bee stings you but does no damage.
The killer bee stings you.
You are more poisoned.
The killer bee poisons you! You block the killer bee's attack.
The killer bee stings you but does no damage.
You closely miss the killer bee.
You feel very sick. The killer bee barely misses you.
You block the killer bee's attack. The killer bee barely misses you. x2
You barely miss the killer bee.
You feel very sick.
The killer bee stings you but does no damage.
The killer bee barely misses you. The killer bee closely misses you.
The killer bee stings you.
You closely miss the killer bee.
You feel sick. The killer bee closely misses you.
The killer bee stings you but does no damage.
The killer bee barely misses you. x2; The killer bee stings you. x2
You hit the killer bee.
The killer bee is lightly wounded.
You feel sick. The killer bee stings you.
* * * LOW HITPOINT WARNING * * *
The killer bee stings you but does no damage.
You block the killer bee's attack.
The killer bee stings you but does no damage.
You hit the killer bee.
The killer bee is moderately wounded.
You feel sick. The killer bee barely misses you. The killer bee stings you!
* * * LOW HITPOINT WARNING * * *
The killer bee closely misses you. The killer bee stings you.
You die...

######.....# #....# .....#.....#
#....# .....'.....# #....#
#..###.....##########....########
####<..<...#.......#.............
...#.......#.......#.>...........
...'.......+...yy..'.............
#..#.......#..##y###.............
#..#.......#..##@#####....######'
#..#.......#...y.#...#....#...#..
####.......#.....#...'....'...#..
)..........#.....#...#....#...#..
)).........#.....#...#....#...#..
....####+###.....#...#....#...##.
....# #.....##..#....######.
....# #.....#####....#......
....# #....#......


You could see 4 killer bees.

Vanquished Creatures
  2 water moccasins
  A phantom (D:4)
  A scorpion (D:4)
  2 jellies (D:5)
  A hound (D:5)
  2 iguanas
  Natasha (thrice) (D:2)
  An orc wizard (D:6)
  4 adders
  7 worms
  3 dart slugs (D:2)
  9 orcs
  4 bats
  9 endoplasms
  3 giant cockroaches
  7 goblins
  5 hobgoblins
  8 jackals
  6 quokkas
  10 ball pythons
  5 frilled lizards
  8 kobolds
  5 rats
106 creatures vanquished.

Notes
Turn   | Place    | Note
-------+----------+-------------------------------------------
     0 | D:1      | Ivernyr the Formicid Fighter began the quest for the Orb.
     0 | D:1      | Reached XP level 1. HP: 18/18 MP: 1/1
    92 | D:1      | Reached XP level 2. HP: 23/24 MP: 2/2
   260 | D:1      | Found a faded altar of an unknown god.
   308 | D:1      | Reached XP level 3. HP: 29/29 MP: 3/3
   896 | D:2      | Reached XP level 4. HP: 30/37 MP: 4/4
  1111 | D:2      | Noticed Natasha
  1118 | D:2      | Killed Natasha
  1119 | D:2      | Reached XP level 5. HP: 38/42 MP: 5/5
  1217 | D:2      | Noticed Natasha
  1234 | D:2      | Killed Natasha
  1361 | D:2      | Noticed Natasha
  1369 | D:2      | Killed Natasha
  1370 | D:2      | Reached skill level 5 in Shields
  1940 | D:3      | Reached XP level 6. HP: 43/48 MP: 6/6
  2477 | D:4      | Reached XP level 7. HP: 41/55 MP: 7/7
  2570 | D:4      | Found an opulent altar of Gozag.
  2646 | D:4      | Found a runed translucent door.
  2648 | D:4      | Noticed baghtru's ghost (amateur HOFi)
  2968 | D:5      | Entered Level 5 of the Dungeon
  3120 | D:5      | You fall into a shaft and drop 3 floors!
  3315 | D:8      | Noticed a water moccasin
  3329 | D:8      | Killed a water moccasin
  3330 | D:8      | Reached skill level 5 in Maces & Flails
  3573 | D:7      | Found a hide-covered altar of Uskayaw.
  3705 | D:5      | Found a sand-covered staircase.
  3727 | D:5      | Noticed a water moccasin
  3739 | D:5      | Killed a water moccasin
  3740 | D:5      | Reached skill level 5 in Fighting
  3740 | D:5      | Reached skill level 5 in Armour
  3740 | D:5      | Reached skill level 6 in Shields
  4146 | D:5      | Reached XP level 8. HP: 54/62 MP: 8/8
  4172 | D:5      | Found a radiant altar of Vehumet.
  4428 | D:5      | Slain by a killer bee

Illustrated notes

Levels and vault maps discovered:
D:1:      minmay_arrival_open_corners, layout_loops_ring,
          hellmonk_ecumenical_altar_pennies_from_heaven, minmay_tetromino_l4
D:2:      layout_basic, uniq_natasha
D:3:      layout_rooms, nicolae_wormholes
D:4:      layout_cave_pools, lemuel_round_altar, hellmonk_ghost_happy_afterlife,
          kennysheep_small_spiral, minmay_misc_feat_more_columns
D:5:      layout_gridville, mainiacjoe_overflow_brackets, enter_ossuary_3,
          lemuel_flame_loot_1
D:6:      layout_basic, nicolae_hepliaklqana_monster_ancestors, fedhas_altar_4
D:7:      layout_rooms, mainiacjoe_overflow_concentric_impassable,
          kennysheep_mini_moat, mainiacjoe_overflow_alcove_2,
          minmay_temple_entry_overgrown
D:8:      layout_basic, nicolae_dithmenos_through_a_glass_darkly,
          enter_bailey_2, uniq_erica, uniq_joseph

Skill      XL: |  1  2  3  4  5  6  7 |
---------------+----------------------+-----
Maces & Flails | 3 4 5 |  5.6
Fighting       | 4 5 |  5.2
Armour         | 4 5 |  5.2
Shields        | 5 6 |  6.3

Action                     |  1- 3 |  4- 6 |  7- 9 || total
---------------------------+-------+-------+-------++-------
  Melee: Flail             |   105 |   157 |    98 ||   360
Ability: Shaft Self        |       |       |     1 ||     1
         Dig               |       |       |     1 ||     1
    Use: Potion            |       |       |     3 ||     3
 Armour: Scale mail        |    52 |    65 |    58 ||   175
  Dodge: Dodged            |    51 |    63 |    60 ||   174
  Block: Buckler           |    28 |    33 |    33 ||    94
